 Dungeon Crawl Stone Soup version 0.28-a0-445-g51f8dfeb47 (webtiles) character file.

Game seed: 8655681881677088282

26 Morbidden the Firebug (level 2, -1/22 HPs)
             Began as a Demigod Fire Elementalist on Sept 12, 2021.
             Slain by an adder (4 damage)
             ... on level 2 of the Dungeon.
             The game lasted 00:01:00 (1590 turns).

Morbidden the Firebug (Demigod Fire Elementalist)   Turns: 1590, Time: 00:01:01

Health: -1/22      AC:  2    Str:  9    XL:     2   Next: 69%
Magic:  4/7        EV: 12    Int: 17    God:
Gold:   62         SH:  0    Dex: 14    Spells: 2/5 levels left

rFire   . . .      SeeInvis .   (no weapon)
rCold   + . .      Faith    .   (no shield)
rNeg    . . .      Spirit   .   a - +0 robe
rPois   .          Reflect  .   (no helmet)
rElec   .          Harm     .   (no cloak)
rCorr   .          Rampage  .   (no gloves)
Will    .....                   (no boots)
Stlth   ++........              (no amulet)
HPRegen 0.07/turn               d - ring of protection from cold
MPRegen 0.10/turn               (no ring)

@: no status effects
A: high mp 1, forlorn
a: no special abilities


You were on level 2 of the Dungeon.
You visited 1 branch of the dungeon, and saw 2 of its levels.

You collected 62 gold pieces.

Inventory:

Armour
 a - a +0 robe (worn)
Jewellery
 d - a ring of protection from cold (left hand)
Scrolls
 c - a scroll of acquirement {unknown}
 f - a scroll of fog {unknown}
 h - a scroll of teleportation {unknown}
Potions
 b - a potion of degeneration {unknown}
 e - a potion of mutation {unknown}
 g - a potion of attraction {unknown}


   Skills:
 * Level 0.3 Fighting
 + Level 1.9 Dodging
 + Level 1.9 Stealth
 * Level 2.2 Spellcasting
 * Level 1.1 Conjurations
 * Level 3.1 Fire Magic


You had 2 spell levels left.
You knew the following spells:

 Your Spells              Type           Power      Damage    Failure   Level
a - Foxfire               Conj/Fire      36%        2x1d5     8%          1
b - Scorch                Fire           24%        2d6       8%          2

Your spell library contained the following spells:

 Spells                   Type           Power      Damage    Failure   Level
 Conjure Flame            Conj/Fire      9%         6-21      24%         3
 Inner Flame              Hex/Fire       7%         N/A       30%         3
 Flame Wave               Conj/Fire      9%         3d4       61%         4


Dungeon Overview and Level Annotations

Branches:
Dungeon (2/15)


Innate Abilities, Weirdness & Mutations

Your attributes grow dramatically as you level up.
You have an increased reservoir of magic. (+10% MP)
You shall have no god before yourself.


Message History

The adder closely misses you.
A dart slug comes into view.
The adder barely misses you.
Unknown command.
Unknown command.
Casting: Foxfire (safe; 8% risk of failure)
Confirm with . or Enter, or press ? or * to list all spells.
You conjure some foxfire!
You feel sick. The adder bites you but does no damage.
You feel sick.
The foxfire hits the worm.
The worm is moderately wounded.
The foxfire hits the worm.
The worm is moderately wounded.
The adder bites you.
Unknown command.
Unknown command.
Unknown command.
Casting: Foxfire (safe; 8% risk of failure)
Confirm with . or Enter, or press ? or * to list all spells.
You conjure some foxfire!
You feel sick.
You are no longer poisoned.
The adder bites you but does no damage.
A rat comes into view.
The worm barely misses you. The quokka barely misses you.
The foxfire hits the quokka but does no damage. x2
The adder closely misses you. The quokka barely misses you.
The adder barely misses you. The worm bites you.
Unknown command.
Unknown command.
Unknown command.
Unknown command.
Unknown command.
Unknown command.
The quokka bites you but does no damage.
Found 21 stones.
The rat misses you. The adder bites you. The quokka bites you.
The adder bites you.
* * * LOW HITPOINT WARNING * * *
The adder bites you.
You die...

.# #........# #. .#
#........# #.# .#
#........# .. )#
#.(...w..# #. .#
#.....wr.# #. ##
...######.######..#
#. # .. #r....#...#
#### # #S###.....#
##... #@# ....#
##..## ##.#.#
#..###..### ...#..
#....#.## # .†..###
#.....####
......#####)..#.....
.##...##........####
..........#...### #
####....##...# #.#
#......###...#


You could see a worm, an adder, a dart slug, a quokka and a rat.

Vanquished Creatures
  4 endoplasms
  A giant cockroach (D:1)
  5 goblins
  4 hobgoblins (D:1)
  3 ball pythons
  2 bats (D:1)
  A frilled lizard (D:1)
  4 rats
24 creatures vanquished.

Vanquished Creatures (others)
  114 foxfires
114 creatures vanquished.

Grand Total: 138 creatures vanquished

Notes
Turn   | Place    | Note
-------+----------+-------------------------------------------
     0 | D:1      | Morbidden the Demigod Fire Elementalist began the quest for
                  | the Orb.
     0 | D:1      | Reached XP level 1. HP: 14/14 MP: 5/5
   220 | D:1      | Reached skill level 1 in Conjurations
   385 | D:1      | Reached skill level 3 in Fire Magic
   528 | D:1      | Reached XP level 2. HP: 20/20 MP: 1/7
  1369 | D:2      | Learned a level 2 spell: Scorch
  1590 | D:2      | Slain by an adder

Illustrated notes

Levels and vault maps discovered:
D:1:      dpeg_arrival_court, layout_loops_cross, minivault_19,
          kennysheep_minor_cross, nrook_uturn
D:2:      layout_rooms, moated_statue

Skill      XL: |  1  2 |
---------------+-------+-----
Conjurations   | 1 |  1.1
Fire Magic     | 3 |  3.1
Spellcasting   | 2 |  2.2
Fighting       | |  0.3
Dodging        | |  1.9
Stealth        | |  1.9

Action                   || total
-------------------------++-------
 Cast: Foxfire           ||    66
Armor: Robe              ||     4
Dodge: Dodged            ||    13

Table legend: (Time is in decaauts)
 A = Elapsed time spent in this place.
 B = Non-inter-level travel time spent in this place.
 C = Inter-level travel time spent in this place.
 D = Time resting spent in this place.
 E = Time spent auto-exploring this place.
 F = Levels seen in this place.
 G = Mean time per level.
                   A        B        C        D        E       F      G
               +--------+--------+--------+--------+--------+-----+--------+
         Total |   1589 |   1557 |     32 |    131 |   1224 |   2 |  794.5 |
       Dungeon |   1589 |   1557 |     32 |    131 |   1224 |   2 |  794.5 |
               +--------+--------+--------+--------+--------+-----+--------+

Top non-repeatable levels by time:
     D:1: 1345 daAuts
     D:2: 243 daAuts
